Map: Blackpink LE

Players

siasjnsuue

  • Race: Zerg Zerg
  • League: Diamond
  • Spawn Location: 1:00

eXile - Winner!

  • Race: Zerg Zerg
  • League: Platinum
  • Spawn Location: 7:00

VOD

Have the link to the VOD?

Description

Time

  • Played on: Dec. 25, 2017, 9:02 p.m.
  • Length: 7:24
Show
View Real Time Build Order
Export as new Build Order

siasjnsuue Zerg 

Build Orders: Hatch First 

Get SALT Encoding   

  12  0:01  Drone  
  13  0:08  Drone  
  14  0:16  Overlord  
  14  0:35  Drone x2  
  14  0:36  Drone  
  17  0:57  Hatchery  
  16  0:59  Drone  
  16  1:01  Drone  
  18  1:10  Drone  
  19  1:17  Extractor  
  18  1:19  Spawning Pool  
  18  1:22  Drone  
  18  1:29  Drone  
  19  1:40  Drone  
  20  1:51  Overlord  
  20  2:08  Queen  
  20  2:09  Queen  
  20  2:10  Zergling x4  
  26  2:19  Metabolic Boost  
  26  2:23  Drone x2  
  26  2:24  Drone  
  29  2:34  Drone x2  
  31  2:52  Drone x2  
  31  2:53  Drone  
  31  2:58  Hatchery  
  33  3:01  Lair  
  33  3:09  Drone x3  
  36  3:13  Extractor  
  36  3:14  Overlord  
  36  3:19  Extractor  
  34  3:22  Overlord  
  34  3:23  Drone  
  34  3:25  Drone  
  34  3:49  Zergling x8  
  34  3:50  Zergling x4  
  29  3:56  Roach Warren  
  26  4:10  Drone x6  
  32  4:20  Queen  
  34  4:33  Drone x3  
  37  4:41  Drone x3  
  40  4:48  Roach  
  36  4:54  Spine Crawler  
  33  5:01  Roach x2  
  31  5:08  Roach  
  33  5:14  Roach  
  35  5:29  Roach x3  
  41  5:44  Drone x4  
  45  5:57  Hydralisk Den  
  44  6:32  Drone x14  
  58  6:50  Overlord x2  
  57  7:02  Overlord x3  
Show
View Real Time Build Order
Export as new Build Order

eXile Zerg - Winner!

Build Orders: Pool First, Zergling Baneling 

Get SALT Encoding   

  12  0:02  Drone  
  13  0:15  Overlord  
  13  0:17  Drone  
  14  0:34  Drone  
  14  0:35  Drone  
  16  0:39  Drone  
  17  0:44  Extractor  
  16  0:51  Drone  
  16  0:54  Spawning Pool  
  16  1:00  Drone  
  17  1:22  Hatchery  
  17  1:23  Drone  
  17  1:27  Drone  
  18  1:38  Drone  
  19  1:42  Overlord  
  19  1:46  Metabolic Boost  
  19  1:58  Queen  
  21  2:06  Drone x2  
  23  2:16  Zergling x2  
  24  2:28  Zergling x2  
  25  2:36  Baneling Nest  
  25  2:37  Zergling x4  
  26  2:53  Zergling x4  
  28  3:03  Zergling x4  
  30  3:06  Drone x2  
  30  3:07  Drone x2  
  34  3:19  Drone x2  
  36  3:21  Baneling x4  
  36  3:31  Overlord x2  
  34  3:58  Zergling x10  
  34  4:00  Drone x3  
  34  4:01  Drone  
  41  4:19  Spine Crawler  
  41  4:22  Evolution Chamber  
  39  4:28  Baneling  
  39  4:29  Baneling x3  
  39  4:30  Drone  
  39  4:31  Drone x3  
  43  4:33  Hatchery  
  39  4:59  Zergling x12  
  43  5:04  Zergling x2  
  43  5:05  Overlord  
  43  5:14  Drone x2  
  43  5:17  Overlord x2  
  43  5:18  Roach Warren  
  43  5:33  Drone x3, Extractor  
  43  5:34  Drone, Extractor  
  45  5:38  Spore Crawler  
  41  5:55  Spine Crawler  
  40  5:57  Spine Crawler  
  40  6:01  Roach x6  
  40  6:02  Roach x3  
  57  6:08  Queen  
  59  6:14  Drone x3  
  62  6:31  Queen  
  64  6:42  Drone  
  64  6:43  Overlord x3  
  64  6:44  Overlord  
  65  6:55  Extractor  
Tags
 
Add a new tag
Caveats
  • Supply blocks, unpowered buildings, or Contaminate may cause inaccurate times.
  • Supply counts are checked every 10 seconds.